 Dungeon Sprint DCSS version 0.21.0-24-g2553a33 (webtiles) character file.

3252 letownia2 the Grappler (level 9, -4/98 HPs)
             Began as a Troll Wizard on Jan 20, 2018.
             Was an Initiate of Gozag.
             Slain by a yaktaur captain (30 damage)
             ... in the Dungeon (Sprint II: "The Violet Keep of Menkaure").
             The game lasted 00:09:33 (860 turns).

letownia2 the Grappler (Troll Wizard)                Turns: 860, Time: 00:09:34

Health: -4/98      AC:  5    Str: 20      XL:     9   Next: 67%
Magic:  9/12       EV:  9    Int: 15 (17) God:    Gozag
Gold:   728        SH:  0    Dex:  4      Spells: 7/16 levels left

rFire    . . .     SeeInvis .     - Unarmed
rCold    . . .     Gourm    +   (no shield)
rNeg     . . .     Faith    .   a - +0 robe
rPois    +         Spirit   .   b - +0 hat
rElec    +         Reflect  .   (no cloak)
rCorr    .         Harm     .   (gloves unavailable)
MR       +++..     Rnd*Rage +   (boots unavailable) Stlth +.........NoTele +
                                (no amulet)
HPRegen  0.66/turn              i - ring "Ulomeige" {rElec rPois MR+++ Str+3 Dex-4}
MPRegen  0.13/turn              (no ring)

@: no status effects
A: large, unfitting armour, claws 3, berserk 2, fast metabolism 3, gourmand, low
mp 1, regeneration 1, screaming 1, shaggy fur 1, tough skin 2, no potion heal 1
a: Potion Petition, Call Merchant, Bribe Branch, Renounce Religion


You were in the Dungeon.
You worshipped Gozag.
Gozag was pleased with you.
You were not hungry.

You visited 1 branch You collected 2601 gold pieces.
You spent 728 gold pieces at shops.
You paid 1145 gold pieces to Gozag.

Inventory:

Armour
 a - a +0 robe (worn)
 b - a +0 hat (worn)
Jewellery
 i - the ring "Ulomeige" (left claw) {rElec rPois MR+++ Str+3 Dex-4}
   (You bought it in a shop in the Dungeon)

   [ring of poison resistance]

   It affects your strength (+3).
   It affects your dexterity (-4).
   It insulates you from electricity.
   It protects you from poison.
   It affects your resistance to hostile enchantments.
Scrolls
 j - a scroll of blinking
Potions
 d - a potion of flight
 e - a potion of heal wounds
 g - a potion of haste
 h - 2 potions of magic
Books
 c - a book of Minor Magic

   Spells                             Type                      Level
   a - Magic Dart                     Conjuration                  1
   b - Blink                          Translocation                2
   c - Call Imp                       Summoning                    2
   d - Slow                           Hexes                        2
   e - Conjure Flame                  Conjuration/Fire             3
   f - Mephitic Cloud                 Conjuration/Poison/Air       3


   Skills:
 + Level 9.3 Fighting
 - Level 1.5 Dodging
 - Level 1.0 Stealth
 + Level 14.8 Unarmed Combat
 - Level 4.2 Spellcasting
 - Level 4.4 Conjurations
   Level 0.6 Summonings
 - Level 3.3 Translocations
 - Level 3.1 Fire Magic
 - Level 2.8 Air Magic
 - Level 3.1 Poison Magic


You had 7 spell levels left.
You knew the following spells:

 Your Spells              Type           Power        Failure   Level  Hunger
a - Magic Dart            Conj           ###.         2%          1    None
b - Blink                 Tloc           N/A          7%          2    ##.....
c - Conjure Flame         Conj/Fire      ##......     11%         3    ###....
e - Mephitic Cloud        Conj/Pois/Air  ##......     13%         3    ###....


Dungeon Overview and Level Annotations

Branches:
Dungeon (1/1)

Altars:
Cheibriados
Dithmenos
Elyvilon
Fedhas
Gozag
Hepliaklqana
Kikubaaqudgha
Makhleb
Nemelex Xobeh
Okawaru
Qazlal
Ru
Sif Muna
Trog
Uskayaw
Vehumet
Wu Jian
Xom
Yredelemnul
Zin
The Shining One
Beogh
Jiyva
Lugonu

Shops:
D [:[?=%[:?:(*=:!}![

Annotations:
D exclusion: oklob plant, Kirke


Innate Abilities, Weirdness & Mutations

You are too large for most types of armour.
You have claws for hands.
Your metabolism is lightning-fast.
You like to eat raw meat.
Your natural rate of healing is unusually fast.
You are covered in fur. (AC +1)
You have very tough skin. (AC +2)
You often lose your temper in combat.
Your magical capacity is low. (-10% MP)
You occasionally shout uncontrollably at your foes.
Potions are less effective at restoring your health.


Message History

You scratch the yaktaur captain.
The yaktaur captain is lightly wounded.
The yaktaur captain is engulfed in blazing flames.
The yaktaur captain unwields an uncursed arbalest.
The yaktaur captain hits you!
* * * LOW HITPOINT WARNING * * *
Unknown command.
Unknown command.
Okay, then.
Okay, then.
You mangle the yaktaur captain!!
The yaktaur captain is heavily wounded.
Unknown command.
Unknown command.
You barely miss the yaktaur captain.
The yaktaur captain is heavily wounded.
The yaktaur captain is engulfed in blazing flames.
The yaktaur captain hits you!!
You die...
Your body crumbles into a pile of gold.

# +....§8§§.§.# .@####..§.§§§.§ $
Kc.≈## §..§§
#########≈≈#+++#+++##
########≈≈≈..(......#
.∩.....#≈≈≈≈(##+##..#$ #. k
∩.∩....#≈≈≈≈##..###.#### .##.
.∩.∩...#≈≈≈≈#..##.#....#$ ...#
∩.∩.∩..#≈≈####.#@####..## #..# $
...∩.⌠.#≈##.###c###.##..#$ +..# .
..∩.∩..#≈#...##.##.#.#..# #..# .
.∩.∩.∩.'≈'##.'.<.'##.'..####^.##.
∩.∩....#≈#...##.###..#....###...#
▓▓▓▓▓###≈##.###'###.##......≈≈≈≈≈
hh######≈≈####.#.####≈≈.....≈#'##


hh#YY ##≈≈≈#..#..#≈≈≈≈≈≈≈..≈#_)_ Ph+Y$# #'#≈##.#.##≈≈§≈§§§≈.≈#._. You could see
a yaktaur captain.

Vanquished Creatures
  A death drake (D)
  A yaktaur (D)
  3 polar bears (D)
  A hornet (D)
  2 tyrant leeches (D)
  Menkaure (D)
  A vampire mosquito (D)
  4 neqoxecs (D)
  2 swamp drakes (D)
  4 necrophages (D)
  A crocodile (D)
  3 worms (D)
24 creatures vanquished.

Notes
Turn   | Place    | Note
-------+----------+-------------------------------------------
     0 | D        | letownia2 the Troll Wizard began the quest for the Orb.
     0 | D        | Reached XP level 1. HP: 16/16 MP: 2/2
    18 | D        | Reached skill level 1 in Fighting
    18 | D        | Reached skill level 2 in Unarmed Combat
    60 | D        | Reached skill level 3 in Unarmed Combat
    60 | D        | Reached XP level 2. HP: 17/27 MP: 4/4
    89 | D        | Noticed a necrophage
    89 | D        | Noticed a necrophage
    89 | D        | Noticed a necrophage
    89 | D        | Noticed a necrophage
    94 | D        | Killed a necrophage
    94 | D        | Reached skill level 8 in Unarmed Combat
    94 | D        | Reached XP level 3. HP: 33/33 MP: 5/5
    94 | D        | Reached XP level 4. HP: 41/41 MP: 6/6
    97 | D        | Killed a necrophage
    97 | D        | Reached skill level 9 in Unarmed Combat
    97 | D        | Reached XP level 5. HP: 48/48 MP: 6/8
   103 | D        | Killed a necrophage
   107 | D        | Killed a necrophage
   107 | D        | Reached skill level 10 in Unarmed Combat
   107 | D        | Reached XP level 6. HP: 54/54 MP: 6/11
   114 | D        | Learned a level 2 spell: Blink
   118 | D        | Learned a level 3 spell: Conjure Flame
   122 | D        | Learned a level 3 spell: Mephitic Cloud
   189 | D        | Found Wesoy's Book Boutique.
   189 | D        | Found Qaogoekh's Gadget Boutique.
   189 | D        | Found Teusuet's Jewellery Shop.
   190 | D        | Found Sorhaun's Distillery.
   190 | D        | Found Aschosk's General Store.
   190 | D        | Found Cuiqi's Antique Weapon Boutique.
   190 | D        | Found Dikhlyhie's Book Shop.
   190 | D        | Found Zoteoz's Magic Scroll Boutique.
   191 | D        | Found Etoi's Antique Armour Boutique.
   191 | D        | Found Oxegin's Food Shop.
   192 | D        | Found Roywex's Distillery.
   192 | D        | Found Daqaunif's Book Boutique.
   192 | D        | Noticed a hell hog
   193 | D        | Found Awnetzok's Jewellery Boutique.
   193 | D        | Found Maicaogu's Antique Armour Shop.
   193 | D        | Noticed Menkaure
   193 | D        | Noticed a hell hog
   193 | D        | Noticed an oklob plant
   194 | D        | Found Meploune's Book Shoppe.
   194 | D        | Found Rumik's Antique Armour Boutique.
   205 | D        | Killed Menkaure
   205 | D        | Reached skill level 1 in Translocations
   205 | D        | Reached skill level 1 in Fire Magic
   205 | D        | Reached skill level 1 in Air Magic
   205 | D        | Reached skill level 1 in Poison Magic
   213 | D        | Reached XP level 7. HP: 61/61 MP: 6/12
   217 | D        | Bought a potion of degeneration for 10 gold pieces
   218 | D        | Bought 2 potions of lignification for 78 gold pieces
   218 | D        | Noticed a yak
   218 | D        | Noticed a yak
   220 | D        | Noticed a yak
   269 | D        | Noticed an ice statue
   279 | D        | Found an iron altar of Okawaru.
   279 | D        | Found a radiant altar of Vehumet.
   280 | D        | Found a sparkling altar of Nemelex Xobeh.
   280 | D        | Found a hide-covered altar of Uskayaw.
   280 | D        | Found a glowing silver altar of Zin.
   281 | D        | Found an opulent altar of Gozag.
   281 | D        | Found a burning altar of Makhleb.
   281 | D        | Found a bloodstained altar of Trog.
   281 | D        | Found a basalt altar of Yredelemnul.
   282 | D        | Found a blossoming altar of Fedhas.
   282 | D        | Found a corrupted altar of Lugonu.
   282 | D        | Found a deep blue altar of Sif Muna.
   283 | D        | Found a white marble altar of Elyvilon.
   283 | D        | Found an ancient bone altar of Kikubaaqudgha.
   283 | D        | Found a shimmering altar of Xom.
   283 | D        | Found a sacrificial altar of Ru.
   284 | D        | Found a shadowy altar of Dithmenos.
   284 | D        | Found a viscous altar of Jiyva.
   285 | D        | Found a snail-covered altar of Cheibriados.
   287 | D        | Found a roughly hewn altar of Beogh.
   287 | D        | Found a hazy altar of Hepliaklqana.
   288 | D        | Found a glowing golden altar of the Shining One.
   288 | D        | Found an ornate altar of the Wu Jian Council.
   288 | D        | Found a stormy altar of Qazlal.
   290 | D        | Became a worshipper of Gozag Ym Sagoz the Greedy
   319 | D        | Noticed a neqoxec
   340 | D        | Killed a neqoxec
   364 | D        | Noticed a neqoxec
   364 | D        | Noticed a neqoxec
   369 | D        | Killed a neqoxec
   369 | D        | Reached skill level 11 in Unarmed Combat
   373 | D        | Gained mutation: Potions are less effective at restoring your health. [a neqoxec]
   378 | D        | Gained mutation: You tend to lose your temper in combat. [a neqoxec]
   379 | D        | Gained mutation: Your magical capacity is low. (-10% MP) [a neqoxec]
   391 | D        | Killed a neqoxec
   480 | D        | Noticed a tyrant leech
   480 | D        | Noticed a tyrant leech
   485 | D        | Killed a tyrant leech
   485 | D        | Reached XP level 8. HP: 77/77 MP: 8/11
   491 | D        | Killed a tyrant leech
   491 | D        | Reached skill level 12 in Unarmed Combat
   532 | D        | Reached skill level 5 in Fighting
   557 | D        | Bought the ring "Ulomeige" {rElec rPois MR+++ Str+3 Dex-4} for 560 gold pieces
   581 | D        | Noticed a polar bear
   606 | D        | Killed a polar bear
   654 | D        | Noticed a death drake
   654 | D        | Noticed a polar bear
   654 | D        | Noticed a yaktaur
   654 | D        | Noticed a hornet
   655 | D        | Noticed a polar bear
   663 | D        | Killed a polar bear
   663 | D        | Reached skill level 13 in Unarmed Combat
   668 | D        | Killed a death drake
   668 | D        | Reached XP level 9. HP: 34/95 MP: 3/12
   671 | D        | Killed a polar bear
   671 | D        | Reached skill level 14 in Unarmed Combat
   677 | D        | HP: 7/144 [yaktaur/bolt (24)]
   697 | D        | Killed a yaktaur
   708 | D        | Gained mutation: You often lose your temper in combat. [a neqoxec]
   735 | D        | Gained mutation: You occasionally shout uncontrollably at your foes. [a neqoxec]
   828 | D        | Bought a potion of flight for 30 gold pieces
   833 | D        | Bought a potion of heal wounds for 50 gold pieces
   841 | D        | Noticed a centaur warrior
   841 | D        | Noticed Kirke
   841 | D        | Noticed a yaktaur captain
   842 | D        | Noticed a kobold demonologist
   860 | D        | Slain by a yaktaur captain

Skill      XL: |  1  2  3  4  5  6  7  8  9 |
---------------+----------------------------+-----
Fighting       | 1 3 8 9 |  9.3
Unarmed Combat | 3 8 9 10 11 13 14 | 14.8
Spellcasting   | 3 4 |  4.2
Conjurations   | 2 4 |  4.4
Translocations | 2 3 |  3.3
Fire Magic     | 2 3 |  3.1
Air Magic      | 1 2 |  2.8
Poison Magic   | 2 3 |  3.1
Dodging        | |  1.5
Stealth        | |  1.0
Summonings     | |  0.6

Action                   |  1- 3 |  4- 6 |  7- 9 || total
-------------------------+-------+-------+-------++-------
Melee: Unarmed           |    29 |    17 |    70 ||   116
       Punch             |       |     1 |     3 ||     4
 Cast: Conjure Flame     |       |     2 |    10 ||    12
       Mephitic Cloud    |       |       |     2 ||     2
       Blink             |       |       |     1 ||     1
Invok: Call Merchant     |       |       |     2 ||     2
  Use: Potion            |     1 |       |     4 ||     5
 Stab: Confused          |       |       |     1 ||     1
  Eat: Chunk             |     3 |       |       ||     3
       Ration            |       |       |     2 ||     2
Armor: Robe              |     3 |     1 |     7 ||    11
       Skin              |       |       |    15 ||    15
Dodge: Dodged            |     9 |     3 |    16 ||    28
